 Dungeon Crawl Stone Soup version 0.28.0 (webtiles) character file.

Game seed: 11100785367794510845

13226 Minsecho the Frost Mage (level 12, 0/85 HPs)
             Began as a Merfolk Ice Elementalist on Feb 5, 2022.
             Was a Believer of Sif Muna.
             Killed from afar by an ice dragon (8 damage)
             ... with a blast of cold
             ... on level 11 of the Dungeon on Feb 6, 2022.
             The game lasted 00:33:10 (15753 turns).

Minsecho the Frost Mage (Merfolk Ice Elementalist) Turns: 15753, Time: 00:33:10

Health: 0/85       AC: 20    Str:  7    XL:     12   Next: 3%
Magic:  8/26       EV: 19    Int: 26    God:    Sif Muna [**....]
Gold:   507        SH:  0    Dex: 20    Spells: 16/31 levels left

rFire   . . .      SeeInvis .   Y - +3 trident (flame)
rCold   + . .      Faith    .   (no shield)
rNeg    . . .      Spirit   .   D - +0 acid dragon scales
rPois   +          Reflect  .   y - +0 helmet
rElec   .          Harm     .   k - +2 cloak {rCorr}
rCorr   +          Rampage  .   l - +0 pair of gloves
Will    .....                   (boots currently unavailable)
Stlth   +++.......              c - amulet of magic regeneration
HPRegen 0.24/turn               I - +6 ring of intelligence
MPRegen 0.60/turn               T - ring of Cynicism {rPois rC+ Str-5 Int+4 Dex+6}

@: ice-armoured, very slightly contaminated, hasted, very quick
A: nimble swimmer 2, mertail
a: Renounce Religion, Channel Magic


You were on level 11 of the Dungeon.
You worshipped Sif Muna.
Sif Muna was pleased with you.
You visited 2 branches of the dungeon, and saw 12 of its levels.

You collected 661 gold pieces.
You spent 154 gold pieces at shops.

Inventory:

Hand Weapons
 f - a +0 short sword
 i - the +7 mace of Xealav {freeze, *Corrode rF++ rC+}
   (You found it on level 2 of the Dungeon)

   It freezes those it strikes, dealing additional cold damage.
   It can also slow down cold-blooded creatures.
   rF:        It greatly protects you from fire.
   rC:        It protects you from cold.
   *Corrode:  It may corrode you when you take damage.
 L - a +0 glaive
 Y - a +3 trident of flaming (weapon)
Missiles
 s - 12 boomerangs
 R - a throwing net
Armour
 a - a +0 robe
 k - a +2 cloak of preservation (worn)
 l - a +0 pair of gloves (worn)
 y - a +0 helmet (worn)
 D - +0 acid dragon scales (worn)
Magical Staves
 n - a staff of cold
Jewellery
 b - an amulet of reflection
 c - an amulet of magic regeneration (around neck)
 o - a ring of protection from cold
 r - an amulet of guardian spirit
 z - a ring of wizardry
 H - a ring of willpower
 I - a +6 ring of intelligence (left hand)
 S - a +6 ring of dexterity
 T - the ring of Cynicism (right hand) {rPois rC+ Str-5 Int+4 Dex+6}
   (You found it on level 10 of the Dungeon)

   [ring of dexterity]

   Str:       It affects your strength (-5).
   Int:       It affects your intelligence (+4).
   Dex:       It affects your dexterity (+6).
   rC:        It protects you from cold.
   rPois:     It protects you from poison.
Wands
 h - a wand of acid (7)
 E - a wand of mindburst (11)
 G - a wand of polymorph (18)
Scrolls
 d - 2 scrolls of brand weapon {unknown}
 e - 5 scrolls of teleportation
 g - 2 scrolls of fear {unknown}
 t - 2 scrolls of noise {unknown}
 u - 3 scrolls of fog
 A - 2 scrolls of torment {unknown}
 B - a scroll of enchant weapon {unknown}
 F - a scroll of amnesia {unknown}
 M - a scroll of immolation {unknown}
 P - 2 scrolls of blinking {unknown}
 Q - 2 scrolls of silence {unknown}
 U - 2 scrolls of summoning {unknown}
 W - a scroll of magic mapping {unknown}
Potions
 j - 2 potions of lignification
 m - 2 potions of magic
 p - 2 potions of brilliance
 q - 3 potions of ambrosia
 x - a potion of curing
 C - a potion of haste
 J - 2 potions of cancellation
 K - 5 potions of resistance {unknown}
 N - a potion of might {unknown}
 O - a potion of degeneration {unknown}
 X - a potion of flight {unknown}
Miscellaneous
 V - a phantom mirror


   Skills:
 + Level 4.8 Fighting
 + Level 3.9(6.7) Polearms
 + Level 4.9(5.1) Staves
 + Level 4.5 Armour
 + Level 8.0 Dodging
 - Level 2.3 Stealth
 + Level 10.0 Spellcasting
 + Level 0.1 Conjurations
 + Level 0.3 Fire Magic
 + Level 11.9 Ice Magic
 + Level 2.6 Evocations


You had 16 spell levels left.
You knew the following spells:

 Your Spells              Type           Power      Damage    Failure   Level
a - Freeze                Ice            100%       1d11      1%          1
b - Frozen Ramparts       Ice            100%       1d12      1%          3
c - Ozocubu's Armour      Ice            66%        N/A       1%          3
d - Scorch                Fire           28%        2d6       11%         2
e - Wereblood             Tmut           13%        N/A       12%         2
f - Hailstorm             Conj/Ice       44%        3d10      7%          4

Your spell library contained the following spells:

 Spells                   Type           Power      Damage    Failure   Level
 Animate Skeleton         Necr           26%        N/A       9%          1
 Apportation              Tloc           26%        N/A       9%          1
 Beastly Appendage        Tmut           26%        N/A       9%          1
 Summon Small Mammal      Summ           52%        N/A       9%          1
 Corpse Rot               Necr/Air       26%        N/A       12%         2
 Poisonous Vapours        Pois/Air       26%        N/A       12%         2
 Spider Form              Tmut/Pois      13%        N/A       24%         3
 Alistair's Intoxication  Tmut/Pois      8%         N/A       92%         5


Dungeon Overview and Level Annotations

Branches:
Dungeon (11/15)            Temple (1/1) D:7            Lair (0/6) D:8
    Orc (0/2) D:9

Altars:
Ashenzari
Cheibriados
Dithmenos
Elyvilon
Fedhas
Gozag
Hepliaklqana
Kikubaaqudgha
Makhleb
Nemelex Xobeh
Okawaru
Qazlal
Ru
Sif Muna
Trog
Uskayaw
Vehumet
Wu Jian
Xom
Yredelemnul
Zin
The Shining One

Shops:
D:1 !   D:3 =

Portals:
Trove: D:10 (give 15 scrolls of teleportation)

Annotations:
D:11 exclusion: ice statue


Innate Abilities, Weirdness & Mutations

You are very nimble when in or above water. (Stealth+, EV+, Speed+++)
Your lower body shifts to a powerful aquatic tail in water.


Message History

The ice beast is almost dead.
The ice beast is engulfed in a cloud of scalding steam.
You kill the ice beast!
The ice beast disappears in a puff of smoke!
Unknown command.
Casting: Scorch (safe; 11% risk of failure)
Confirm with . or Enter, or press ? or * to list all spells.
Okay, then.
Unknown command.
Casting: Scorch (safe; 11% risk of failure)
Confirm with . or Enter, or press ? or * to list all spells.
You miscast Scorch.
Nothing appears to happen.
The ice dragon is engulfed in a cloud of scalding steam.
The ice dragon misses you. The ice dragon claws you!
* * * LOW HITPOINT WARNING * * *
The ice dragon tramples you.
* * * LOW HITPOINT WARNING * * *
You hold your ground!
You feel much better.
The ice dragon is engulfed in a cloud of scalding steam.
The ice dragon breathes frost at you. The blast of cold hits you!! You resist.
* * * LOW HITPOINT WARNING * * *
Unknown command.
Unknown command.
You feel better.
You are engulfed in freezing vapours.
You resist.
* * * LOW HITPOINT WARNING * * *
Casting: Scorch (safe; 11% risk of failure)
Confirm with . or Enter, or press ? or * to list all spells.
A film of ice covers your body!
You are engulfed in freezing vapours.
You resist.
* * * LOW HITPOINT WARNING * * *
The ice dragon barely misses you.
The ice dragon claws you but does no damage.
The ice dragon misses you.
You feel better.
You are engulfed in freezing vapours.
You resist.
* * * LOW HITPOINT WARNING * * *
The ice dragon breathes frost at you. The blast of cold hits you! You resist.
You die...

≈≈≈≈≈≈≈≈≈≈## #.# #.
≈≈≈≈§§§§≈## #.# #.
≈§Y§§§≈≈≈# #.# #.
8§§§§§§§## #.# #)
≈§§§§§§≈# #># #.
≈§§≈§≈≈≈## #.# #.
≈§≈≈≈≈≈≈≈# ##### #.# #.
≈≈≈≈≈≈Y≈≈# ###≈≈≈### #.#
#. ≈≈≈≈≈≈≈≈Y##
##@≈≈≈≈≈≈## #.# #.
≈≈≈≈≈≈≈≈≈≈#
#≈≈D≈≈≈≈≈≈###.# #.
≈≈≈≈≈≈≈≈≈Y##
#≈≈≈≈#≈≈≈≈≈##.# #.
≈≈###≈≈≈≈≈≈##
#≈≈.(##≈≈≈≈##.# #. ##
####≈≈≈≈####?::##≈≈≈≈##.#
#. ###≈≈≈#########≈≈≈≈#.#
#. ##≈≈≈#### ###≈≈≈≈#.#
#. #≈≈≈≈≈≈###≈≈≈≈≈≈#.# #.
##≈≈≈≈≈Y≈Y≈≈≈≈≈≈#.# #.


You could see an ice dragon (catching breath, combustible).

Vanquished Creatures
  3 two-headed ogres
  A skeletal warrior (D:8)
  Joseph (D:9)
  2 trolls
  A hornet (D:9)
  Grinder (D:6)
  A meliai zombie (D:11)
  4 water elementals (D:11)
  4 wyverns (D:8)
  17 yaks
  A steam dragon (D:8)
  Menkaure (D:6)
  An acid dragon (D:5)
  4 water moccasins (D:8)
  Duvessa (D:7)
  9 orc warriors
  9 ice beasts
  A black bear (D:7)
  4 ogres
  2 centaurs
  3 kobold brigands
  A gnoll sergeant (D:11)
  2 bullfrogs (D:9)
  Dowan (D:7)
  5 killer bees (D:7)
  A howler monkey (D:7)
  3 electric eels (D:11)
  5 centaur zombies
  A jelly (D:7)
  Crazy Yiuf (D:2)
  6 hounds
  A centaur skeleton (D:7)
  7 orc priests
  3 gnoll shamans
  6 orc wizards
  4 iguanas
  A statue (D:6)
  A killer bee zombie (D:9)
  A hound zombie (D:5)
  2 hound skeletons
  Robin (D:4)
  16 gnolls
  A howler monkey skeleton (D:5)
  7 adders
  A shadow imp (D:7)
  A white imp (D:8)
  3 worms
  4 dart slugs
  24 orcs
  11 endoplasms
  3 giant cockroaches
  22 goblins
  15 hobgoblins
  3 jackals (D:4)
  21 kobolds
  3 quokkas (D:1)
  6 ball pythons
  5 bats
  2 frilled lizards
  9 rats
281 creatures vanquished.

Vanquished Creatures (others)
  A fungus (D:8)
  18 plants (D:8)
19 creatures vanquished.

Grand Total: 300 creatures vanquished

Notes
Turn   | Place    | Note
-------+----------+-------------------------------------------
     0 | D:1      | Minsecho the Merfolk Ice Elementalist began the quest for
                  | the Orb.
     0 | D:1      | Reached XP level 1. HP: 13/13 MP: 3/3
   266 | D:1      | Reached XP level 2. HP: 19/19 MP: 3/5
   833 | D:1      | Reached XP level 3. HP: 22/24 MP: 4/6
   899 | D:1      | Found Faat's Distillery.
  1797 | D:2      | Reached skill level 5 in Ice Magic
  1797 | D:2      | Reached XP level 4. HP: 30/30 MP: 5/8
  1937 | D:2      | Identified the +7 mace of Xealav {freeze, *Corrode rF++
                  | rC+}
  1942 | D:2      | Found a runed translucent door.
  1943 | D:2      | Noticed Crazy Yiuf
  2023 | D:1      | Bought a potion of curing for 42 gold pieces
  2694 | D:2      | Learned a level 3 spell: Frozen Ramparts
  2698 | D:2      | Learned a level 3 spell: Ozocubu's Armour
  2705 | D:2      | Killed Crazy Yiuf
  2950 | D:3      | Reached XP level 5. HP: 36/36 MP: 8/10
  3340 | D:3      | Found a faded altar of an unknown god.
  3461 | D:3      | Found Muot's Jewellery Shop.
  3705 | D:4      | Reached skill level 1 in Staves
  3773 | D:4      | Reached XP level 6. HP: 42/42 MP: 9/11
  4128 | D:1      | Bought a potion of heal wounds for 70 gold pieces
  4128 | D:1      | Bought a potion of curing for 42 gold pieces
  4803 | D:4      | Noticed Robin
  4821 | D:4      | Killed Robin
  5063 | D:5      | Entered Level 5 of the Dungeon
  5080 | D:5      | Reached skill level 6 in Ice Magic
  5354 | D:5      | Reached skill level 1 in Fighting
  5381 | D:5      | Reached XP level 7. HP: 44/48 MP: 13/13
  5580 | D:5      | Found a snail-covered altar of Cheibriados.
  5722 | D:5      | Reached skill level 5 in Spellcasting
  5799 | D:5      | Found a burning altar of Makhleb.
  5810 | D:5      | Reached XP level 8. HP: 38/56 MP: 10/16
  5926 | D:5      | Found an ancient bone altar of Kikubaaqudgha.
  6154 | D:6      | Reached skill level 7 in Ice Magic
  6354 | D:6      | Found a radiant altar of Vehumet.
  6755 | D:6      | Noticed Grinder
  6762 | D:6      | Paralysed by Grinder for 5 turns
  6767 | D:6      | Killed Grinder
  7212 | D:6      | Noticed Menkaure
  7219 | D:6      | Killed Menkaure
  7220 | D:6      | Reached skill level 1 in Armour
  7220 | D:6      | Reached skill level 8 in Ice Magic
  7220 | D:6      | Reached XP level 9. HP: 61/61 MP: 18/18
  7379 | D:7      | Reached skill level 1 in Evocations
  7434 | D:7      | Reached skill level 5 in Dodging
  7479 | D:7      | Found a staircase to the Ecumenical Temple.
  7490 | Temple   | Entered the Ecumenical Temple
  7747 | D:7      | Found a bloodstained altar of Trog.
  7747 | D:7      | Noticed Duvessa
  7754 | D:7      | Killed Duvessa
  7766 | D:7      | Noticed Dowan
  7771 | D:7      | Killed Dowan
  7794 | D:7      | Reached skill level 9 in Ice Magic
  7977 | D:7      | Found a shimmering blue altar of Sif Muna.
  7981 | D:7      | Became a worshipper of Sif Muna the Loreminder
  7983 | D:7      | Got Sif Muna's Catalogue of Fire
  7987 | D:7      | Learned a level 2 spell: Scorch
  7990 | D:7      | Learned a level 2 spell: Wereblood
  7995 | D:7      | Learned a level 4 spell: Hailstorm
  8240 | D:7      | Found a hazy altar of Hepliaklqana.
  8579 | D:8      | Reached XP level 10. HP: 60/68 MP: 19/22
  8676 | D:8      | Reached skill level 10 in Ice Magic
  8970 | D:8      | Found a staircase to the Lair.
  9237 | D:8      | Found a stormy altar of Qazlal.
  9245 | D:8      | Noticed a two-headed ogre
  9255 | D:8      | Killed a two-headed ogre
  9258 | D:8      | Noticed a skeletal warrior
  9744 | D:8      | Reached * piety under Sif Muna
  9748 | D:8      | Reached skill level 11 in Ice Magic
 10594 | D:9      | Noticed a two-headed ogre
 10608 | D:9      | Killed a two-headed ogre
 10609 | D:9      | Reached XP level 11. HP: 20/75 MP: 22/24
 10861 | D:9      | Found a staircase to the Orcish Mines.
 10985 | D:9      | Noticed Joseph
 10999 | D:9      | Killed Joseph
 11065 | D:9      | Found a shadowy altar of Dithmenos.
 11255 | D:9      | Found a sacrificial altar of Ru.
 11616 | D:10     | Entered Level 10 of the Dungeon
 11758 | D:10     | Identified the ring of Cynicism {rPois rC+ Str-5 Int+4
                  | Dex+6}
 12172 | D:10     | Reached ** piety under Sif Muna
 12769 | D:10     | Found a portal to a secret trove of treasure.
 13005 | D:10     | Noticed a two-headed ogre
 13016 | D:10     | Killed a two-headed ogre
 13586 | D:8      | Killed a skeletal warrior
 14454 | D:11     | Reached skill level 10 in Spellcasting
 14543 | D:11     | Reached skill level 1 in Polearms
 14921 | D:11     | Reached XP level 12. HP: 58/85 MP: 24/26
 15734 | D:11     | Noticed an ice dragon
 15752 | D:11     | HP: 4/85 [ice dragon] (8)]
 15753 | D:11     | Killed from afar by an ice dragon

Illustrated notes

Levels and vault maps discovered:
D:1:      beargit_arrival_greenhouse, layout_basic, serial_shops,
          nicolae_shop_stone, kennysheep_doodads
D:2:      layout_loops_ring, uniq_crazy_yiuf_cottage
D:3:      layout_basic, dilly_ecumenical_altar_fadedgnrine, serial_shops,
          nicolae_lakefront_shop, minivault_24
D:4:      kennysheep_goblin_castle, layout_basic, sigmund_army
D:5:      layout_loops_ring, mainiacjoe_overflow_boulevard,
          nicolae_overflow_squiral, grunt_ministairs_4
D:6:      layout_loops_corners, vehumet_statue, uniq_grinder, uniq_menkaure
D:7:      layout_rooms, nzn_overflow_gifts_of_might_and_magic,
          mainiacjoe_overflow_alcove_1, temple_pool_b
D:8:      layout_cave_pools, amcnicky_altar_gilded, minmay_lair_entry_grove,
          minmay_microvault
D:9:      layout_gridville, grunt_dithmenos_smoke, kennysheep_mini_moat,
          david_orc_2, uniq_joseph
D:10:     layout_roguey, enter_trove_1, corexii_checkpoint_a
D:11:     minmay_twisted_water, layout_basic
Temple:   hc_temple_tempest_star

Skill      XL: |  1  2  3  4  5  6  7  8  9 10 11 12 |
---------------+-------------------------------------+-----
Dodging        | 3 4 5 6 8 |  8.0
Spellcasting   | 3 4 5 6 8 9 10 | 10.0
Ice Magic      | 5 6 8 9 11 | 11.9
Staves         | 1 2 3 4 |  4.9
Fighting       | 1 2 3 4 |  4.8
Armour         | 1 2 3 4 |  4.5
Evocations     | 1 2 |  2.6
Polearms       | 2 3 |  3.9
Stealth        | |  2.3
Conjurations   | |  0.1
Fire Magic     | |  0.3

Action                   |  1- 3 |  4- 6 |  7- 9 | 10-12 || total
-------------------------+-------+-------+-------+-------++-------
Melee: Unarmed           |     8 |       |       |       ||     8
       Short sword       |    13 |    14 |       |       ||    27
       Punch             |     1 |     1 |     2 |    10 ||    14
       Staff             |       |    66 |   133 |   290 ||   489
       Trident           |       |       |       |   102 ||   102
       Tailslap          |       |       |       |    10 ||    10
 Cast: Freeze            |    62 |   102 |    59 |    32 ||   255
       Frozen Ramparts   |       |     3 |    17 |    27 ||    47
       Ozocubu's Armour  |       |     2 |    14 |    24 ||    40
       Hailstorm         |       |       |       |     4 ||     4
       Scorch            |       |       |       |    16 ||    16
Evoke: Wand              |       |     1 |    14 |    29 ||    44
  Use: Scroll            |     2 |     3 |     1 |     4 ||    10
       Potion            |       |     1 |       |     6 ||     7
 Stab: Sleeping          |     1 |     5 |     1 |     2 ||     9
Armor: Robe              |    10 |    71 |    21 |       ||   102
       Acid dragon scale |       |       |    57 |   284 ||   341
Dodge: Dodged            |    53 |   112 |   121 |   425 ||   711
Block: Other             |     2 |       |       |       ||     2
